 Dungeon Crawl Stone Soup version 0.29.0-15-g675c0067aa (webtiles) character file.

Game seed: 17839628403974978329

151 qw the Chopper (level 5, 0/32 HPs)
             Began as a Gargoyle Fighter on Sept 11, 2022.
             Slain by a goblin
             ... wielding a +0 club
             ... led by Robin
              (2 damage)
             ... on level 4 of the Dungeon.
             The game lasted 00:01:00 (2743 turns).

qw the Chopper (Gargoyle Fighter)                   Turns: 2743, Time: 00:01:00

Health: 0/32       AC: 13    Str: 21      XL:     5   Next: 33%
Magic:  5/5        EV:  9    Int:  6 (9)  God:
Gold:   115        SH:  4    Dex:  9      Spells: 4/4 levels left

rFire   . . .      SeeInvis .   Y - +0 war axe
rCold   . . .      Faith    .   c - +0 buckler
rNeg    + . .      Spirit   .   b - +0 scale mail
rPois   inf        Reflect  .   (no helmet)
rElec   +          Harm     .   j - +1 cloak
rCorr   .          Rampage  .   (no gloves)
Will    .....                   (no boots)
Stlth   ..........              (no amulet)
HPRegen 0.10/turn               (no ring)
MPRegen 0.09/turn               (no ring)

@: no status effects
A: sickness immunity, AC +4, negative energy resistance 1, electricity
resistance, torment resistance 1, petrification resistance
a: no special abilities


You were on level 4 of the Dungeon.
You visited 1 branch of the dungeon, and saw 4 of its levels.

You collected 115 gold pieces.


Innate Abilities, Weirdness & Mutations

You are immune to sickness and miasma.
Your stone body is resilient. (AC +4)
You are immune to poison.
You resist negative energy. (rN+)
You are resistant to electric shocks. (rElec)
You are resistant to unholy torment.
You are immune to petrification.


   Skills:
 - Level 3.2 Fighting
 + Level 4.9 Axes
 - Level 3.2 Armour
 - Level 3.2 Shields


You had 4 spell levels left.
You didn't know any spells.
Your spell library was empty.

Inventory:

Hand Weapons
 f - a +0 club
 Y - a +0 war axe (weapon)
Armour
 b - a +0 scale mail (worn)
 c - a +0 buckler (worn)
 j - a +1 cloak (worn)
Scrolls
 g - a scroll of identify
Potions
 a - a potion of cancellation
 d - a potion of might
 e - a potion of curing
 i - a potion of lignification
 k - a potion of attraction
 l - a potion of magic {unknown}
 m - a potion of flight {unknown}

Dungeon Overview and Level Annotations

Branches:
Dungeon (4/15)
 Temple: D:4-7

Altars:

Annotations:
D:3 2 runed translucent doors


Message History

Robin hits you but does no damage. Robin throws the goblin at you!
The goblin barely misses you.
You hit Robin.
Robin is almost dead.
You barely miss the goblin. The goblin hits you but does no damage.
Robin throws the goblin at you! The goblin hits you with a +0 club.
You slash Robin!
You kill Robin!
You barely miss the goblin. x2
A goblin comes into view. It is wielding a +0 club.
The goblin completely misses you. You block the goblin's attack.
You barely miss the goblin. You hit the goblin. x2
You kill the goblin!
The goblin hits you with a +0 club. The goblin hits you but does no damage.
You barely miss the goblin.
The goblin is moderately wounded.
You closely miss the goblin.
The goblin no longer looks unusually strong.
The goblin closely misses you.
The goblin hits you but does no damage. x2
You closely miss the goblin.
The goblin is moderately wounded.
You completely miss the goblin. The goblin hits you but does no damage.
A goblin comes into view. It is wielding a +0 club.
The goblin barely misses you.
You miss the goblin. You hit the goblin but do no damage. You hit the goblin.
You kill the goblin!
The goblin closely misses you. The goblin hits you but does no damage.
The goblin barely misses you. The goblin hits you with a +0 club. x2
You hit the goblin.
The goblin is moderately wounded.
You barely miss the goblin. You closely miss the goblin.
The goblin hits you but does no damage. The goblin hits you with a +0 club. x2
You closely miss the goblin.
The goblin is moderately wounded.
You barely miss the goblin. You hit the goblin.
You kill the goblin!
The goblin hits you with a +0 club.
You die...

.......#.........#
##+###.#.........#
.....#.####......#...# ..
.....#....#......#...##..
.....#....#......#.g....g
.....#....#......#..g.g..
.....#....#......#g..g.
.....#....+....g.#g..
.....###..#....)@#'###
.<.....#..######g)...#
.......#... #.....#
.......# #.....# .......#
#.....# ...)...# #.....#
.......# #..>..# .......#
+.....# .......# #.....#


You could see 2 goblins.

Vanquished Creatures
  An iguana (D:4)
  Robin (D:4)
  4 adders
  2 worms (D:2)
  3 dart slugs (D:1)
  4 ball pythons
  11 endoplasms
  A giant cockroach (D:1)
  4 hobgoblins
  3 jackals (D:1)
  3 quokkas (D:2)
  7 bats
  3 frilled lizards
  12 goblins
  A kobold (D:1)
  5 rats
65 creatures vanquished.

Notes
Turn   | Place    | Note
-------+----------+-------------------------------------------
     0 | D:1      | qw the Gargoyle Fighter began the quest for the Orb.
     0 | D:1      | Reached XP level 1. HP: 14/14 MP: 1/1
     0 | D:1      | 0 ||| qw: Version: 0.1-a-119-g272c26d
     0 | D:1      | 0 ||| qw: Game counter: 10706
     0 | D:1      | 0 ||| qw: Always use a shield: true
     0 | D:1      | 0 ||| qw: God list: Okawaru
     0 | D:1      | 0 ||| qw: Allow faded altars: false
     0 | D:1      | 0 ||| qw: Do Orc after D:15 true
     0 | D:1      | 0 ||| qw: Do second Lair branch before Depths: true
     0 | D:1      | 0 ||| qw: Lair rune preference: random
     0 | D:1      | 0 ||| qw: Plans: Normal, Zot, God:TSO, Crypt, Tomb, Pan,
                  | Slime, Hells, Zig, Abyss, Orb
     0 | D:1      | 0 ||| PLANNING D:1-11
    31 | D:1      | Reached skill level 2 in Axes
    46 | D:1      | 46 ||| Stepping ~*~*~tactically~*~*~ (stealth).
    49 | D:1      | 49 ||| Stepping ~*~*~tactically~*~*~ (stealth).
    62 | D:1      | Reached XP level 2. HP: 13/19 MP: 2/2
   393 | D:1      | Found a faded altar of an unknown god.
   525 | D:1      | Reached skill level 3 in Axes
   533 | D:1      | 533 ||| Stepping ~*~*~tactically~*~*~ (stealth).
   536 | D:1      | 536 ||| Stepping ~*~*~tactically~*~*~ (stealth).
   542 | D:1      | Reached XP level 3. HP: 22/23 MP: 3/3
   742 | D:1      | 742 ||| READING 3 scrolls labelled VYASEN CYKIAL.
   743 | D:1      | 743 ||| READING scroll labelled LYOWUGGUMM.
   744 | D:1      | 744 ||| READING scroll labelled RUBREU LUIS.
   745 | D:1      | 745 ||| DROPPING 2 scrolls of summoning.
   760 | D:2      | 760 ||| STAIRDANCE
   780 | D:2      | 780 ||| Stepping ~*~*~tactically~*~*~ (stealth).
   788 | D:2      | 788 ||| Stepping ~*~*~tactically~*~*~ (stealth).
   790 | D:2      | 790 ||| Stepping ~*~*~tactically~*~*~ (stealth).
   808 | D:2      | 808 ||| Stepping ~*~*~tactically~*~*~ (stealth).
   809 | D:2      | 809 ||| STAIRDANCE
   831 | D:2      | 831 ||| STAIRDANCE
  1103 | D:2      | 1103 ||| Stepping ~*~*~tactically~*~*~ (stealth).
  1108 | D:2      | 1108 ||| Stepping ~*~*~tactically~*~*~ (stealth).
  1504 | D:2      | Reached XP level 4. HP: 28/28 MP: 4/4
  1696 | D:2      | 1696 ||| UPGRADING to +1 cloak.
  1701 | D:2      | 1701 ||| READING scroll labelled NIMUONK CEMU.
  1702 | D:2      | 1702 ||| DRINKING 2 grey potions.
  1703 | D:2      | 1703 ||| DRINKING 2 emerald potions.
  1746 | D:2      | 1746 ||| READING 2 scrolls of identify.
  1746 | D:2      | 1746 ||| IDENTIFYING inky potion
  1747 | D:2      | 1747 ||| DROPPING potion of degeneration.
  1831 | D:3      | Reached skill level 4 in Axes
  1860 | D:3      | 1860 ||| Stepping ~*~*~tactically~*~*~ (stealth).
  1861 | D:3      | 1861 ||| Stepping ~*~*~tactically~*~*~ (stealth).
  1988 | D:3      | Found a large runed translucent door.
  2278 | D:3      | Found a large runed translucent door.
  2452 | D:3      | 2452 ||| READING scroll labelled OXUXTO CIUTAWE.
  2453 | D:3      | 2453 ||| READING scroll labelled POBASUREE.
  2454 | D:3      | 2454 ||| READING scroll labelled SUAKUU AFOURYWN.
  2491 | D:3      | 2491 ||| DRINKING 2 purple potions.
  2492 | D:3      | 2492 ||| READING 3 scrolls of identify.
  2492 | D:3      | 2492 ||| IDENTIFYING green potion
  2493 | D:3      | 2493 ||| READING 2 scrolls of identify.
  2493 | D:3      | 2493 ||| IDENTIFYING fuming inky potion
  2494 | D:3      | 2494 ||| DROPPING potion of brilliance.
  2539 | D:4      | Reached XP level 5. HP: 26/32 MP: 5/5
  2539 | D:4      | 2539 ||| STAIRDANCE
  2722 | D:4      | Noticed Robin
  2723 | D:4      | 2723 ||| Stepping ~*~*~tactically~*~*~ (hiding).
  2737 | D:4      | Killed Robin
  2742 | D:4      | HP: 7/32 [goblin/+0 club[Robin] (5)]
  2742 | D:4      | HP: 2/32 [goblin/+0 club[Robin] (5)]
  2743 | D:4      | Slain by a goblin

Levels and vault maps discovered:
D:1:      mrwooster_arrival_statue_3, layout_rooms,
          shapermc_ecumenical_altar_petra, grunt_decor_resistance
D:2:      layout_loops_cross, serial_glass, glass_columns_a, glass_columns_b,
          kennysheep_big_empty_room
D:3:      wad_pebble_path, layout_loops_ring, jmf_multi_god_temple2
D:4:      layout_gridville, kennysheep_flooded_box, uniq_robin

Skill      XL: |  1  2  3  4 |
---------------+-------------+-----
Axes           | 2 3 4 |  4.9
Fighting       | |  3.2
Armour         | |  3.2
Shields        | |  3.2

Action                   |  1- 3 |  4- 6 || total
-------------------------+-------+-------++-------
Melee: War axe           |    96 |    85 ||   181
  Use: Scroll            |     3 |     7 ||    10
       Potion            |       |     3 ||     3
Armor: Scale mail        |    57 |    56 ||   113
Dodge: Dodged            |    44 |    40 ||    84
Block: Buckler           |    19 |    14 ||    33

Table legend:
 A = Non-vault XP
 B = Vault XP
 C = Vault XP percentage of total XP
 D = Non-vault monster count
 E = Vault monster count
 F = Vault count percentage of total count
                 A         B        C        D         E       F
            +---------+---------+-------+---------+---------+-------
      Total |     191 |      26 |  12.0 |      57 |       8 |  12.3
            +---------+---------+-------+---------+---------+-------
        D:1 |      53 |       0 |   0.0 |      27 |       0 |   0.0
        D:2 |      43 |       0 |   0.0 |      17 |       0 |   0.0
        D:3 |      54 |       0 |   0.0 |      11 |       0 |   0.0
        D:4 |      41 |      26 |  38.8 |       2 |       8 |  80.0
            +---------+---------+-------+---------+---------+-------
